Map: Orbital Shipyard

Players

capac - Winner!

  • Race: Terran Terran
  • League: Gold

A.I. 1 (Very Hard)

  • Race: Protoss Protoss

VOD

Have the link to the VOD?

Description

Time

  • Played on: Dec. 2, 2015, 2:31 p.m.
  • Length: 18:13
Show
View Real Time Build Order
Export as new Build Order

capac Terran - Winner!

Build Orders: MMM Bio 

Get SALT Encoding   

  12  0:02  SCV  
  13  0:14  SCV  
  14  0:22  Supply Depot  
  14  0:26  SCV  
  15  0:44  Refinery, SCV  
  15  0:47  Barracks  
  16  0:56  SCV  
  17  1:08  SCV  
  18  1:20  SCV  
  19  1:35  Orbital Command  
  19  1:42  Supply Depot, Barracks Reactor  
  19  2:01  Command Center  
  19  2:09  Factory  
  19  2:13  SCV  
  20  2:20  Marine  
  20  2:21  Marine  
  22  2:29  SCV  
  23  2:36  Refinery  
  23  2:42  SCV  
  24  2:44  Barracks  
  24  2:45  Marine  
  24  2:49  Marine  
  26  2:59  Starport  
  26  3:06  SCV  
  27  3:13  Orbital Command  
  27  3:18  SCV  
  28  3:26  Marine x2  
  30  3:29  Barracks  
  30  3:30  SCV  
  30  3:32  Factory Tech Lab  
  31  3:35  Barracks Tech Lab  
  31  3:39  Medivac  
  33  3:44  SCV  
  34  3:49  SCV  
  35  3:57  SCV, Stimpack  
  35  4:01  SCV  
  35  4:02  Marine x2  
  39  4:07  Refinery  
  39  4:08  Marauder  
  39  4:09  SCV  
  42  4:13  SCV  
  43  4:20  Marine  
  43  4:21  SCV  
  45  4:25  SCV  
  46  4:38  Supply Depot, Barracks Reactor  
  46  4:40  Supply Depot  
  46  4:43  Liberator  
  46  4:45  Barracks  
  46  5:00  SCV x2  
  46  5:04  Supply Depot  
  46  5:05  Marine  
  46  5:06  Marauder, Marine  
  55  5:07  Barracks  
  55  5:09  Supply Depot  
  55  5:11  Siege Tank  
  55  5:12  SCV x2  
  60  5:17  Marine x2  
  62  5:26  SCV x2  
  64  5:29  Marauder  
  64  5:30  Marine x2  
  64  5:34  Barracks Tech Lab  
  68  5:37  Supply Depot  
  68  5:39  Supply Depot  
  68  5:44  Engineering Bay  
  68  5:48  Marine  
  68  5:49  Marine  
  70  5:50  Engineering Bay  
  70  5:54  SCV x2  
  72  5:57  Barracks Reactor  
  72  5:58  Starport Reactor  
  72  6:02  Siege Tank  
  75  6:06  Refinery, SCV  
  76  6:13  Marauder  
  76  6:14  Marine  
  79  6:22  Supply Depot  
  79  6:24  Supply Depot, Marine x2  
  79  6:25  Marine  
  82  6:30  Marine  
  82  6:31  Marine  
  84  6:33  Marine  
  84  6:34  Marine  
  86  6:40  Siege Tank  
  86  6:42  Marine x2, SCV  
  86  6:44  SCV  
  93  6:49  Marauder  
  93  6:52  Supply Depot, Marine x3  
  93  6:53  Marine  
  99  6:55  Marauder  
  99  6:58  Medivac  
  99  6:59  Medivac  
  106  7:01  SCV  
  106  7:02  SCV  
  107  7:21  Marine  
  107  7:22  Marine x5  
  112  7:23  Marauder  
  112  7:26  Marauder  
  112  7:29  Command Center  
  117  7:35  Supply Depot  
  117  7:36  Supply Depot  
  117  7:45  Marine x4  
  117  7:46  Marine x2  
  117  7:47  Marauder  
  125  7:57  Marauder  
  127  7:59  Supply Depot  
  127  8:02  Supply Depot  
  127  8:03  Medivac  
  127  8:04  Medivac  
  131  8:06  Terran Infantry Weapons Level 1, Terran Infantry Armor Level 1  
  131  8:11  Siege Tank  
  134  8:28  Supply Depot  
  134  8:29  Supply Depot  
  134  8:30  Marine x4  
  134  8:31  Marine x2  
  134  8:32  Marauder  
  142  8:45  Marine  
  142  8:48  Marine x5  
  144  8:49  Marine  
  144  8:51  Medivac  
  144  8:53  Medivac  
  153  9:10  Marine x6  
  153  9:12  Marauder  
  153  9:13  Marauder  
  139  9:55  Marine x3  
  139  9:56  Marine x3  
  139  9:57  Marauder x2  
  149  10:04  Combat Shields  
  149  10:05  Concussive Shells  
  149  10:07  Medivac x2  
  153  10:18  Marauder  
  153  10:20  Siege Tank  
  158  10:27  Orbital Command  
  152  10:37  Medivac x2  
  94  11:34  Marine x3  
  94  11:35  Marine x3  
  94  11:36  Marauder x2  
  94  11:57  Marauder x2  
  94  11:58  Marine x6  
  101  12:02  Siege Tank  
  101  12:04  Medivac x2  
  108  12:15  Marine  
  108  12:16  Marine x5  
  108  12:18  Marauder  
  108  12:19  Refinery, Marauder  
  108  12:20  Refinery  
  118  12:33  Marine x2  
  118  12:34  Marine x3, Siege Tank  
  124  12:40  Marauder x2  
  128  12:49  SCV x2  
  128  12:50  SCV  
  131  13:01  Marauder x2  
  131  13:03  Marine x4  
  131  13:04  Marine x2  
  141  13:16  Armory  
  141  13:18  Command Center  
  141  13:21  Marine x5  
  141  13:22  Marine  
  141  13:23  Marauder x2  
  149  13:44  Marauder x2  
  128  14:02  Marine x6  
  124  14:05  Marauder, Marine  
  124  14:06  Liberator x2  
  128  14:19  Marine  
  128  14:20  Marine  
  128  14:21  Marine x4  
  128  14:23  Marine  
  141  14:26  Marine  
  124  15:09  Marine x3  
  124  15:10  Marine x5  
  125  15:27  Marine x4  
  125  15:28  Marauder, Marine x2, Medivac x2  
  132  15:29  Marauder  
  134  15:45  Marine x2  
  136  15:50  Marauder x2  
  140  16:01  Medivac x2  
  143  16:43  Marine x5  
  143  16:44  Marauder, Marine x2  
Show
View Real Time Build Order
Export as new Build Order

A.I. 1 (Very Hard) Protoss 

Build Orders: 1 Gate Expand, Zealot Archon 

Get SALT Encoding   

  12  0:01  Probe (Chrono Boost)  
  13  0:11  Probe (Chrono Boost)  
  14  0:20  Pylon  
  14  0:22  Probe (Chrono Boost)  
  15  0:38  Probe (Chrono Boost)  
  16  0:46  Assimilator  
  16  0:49  Probe (Chrono Boost), Gateway  
  17  0:59  Pylon  
  17  1:00  Probe (Chrono Boost)  
  18  1:10  Probe (Chrono Boost)  
  19  1:21  Probe (Chrono Boost)  
  20  1:31  Probe (Chrono Boost)  
  21  1:39  Nexus  
  21  1:42  Probe (Chrono Boost)  
  21  1:44  Zealot  
  24  1:53  Probe (Chrono Boost)  
  25  2:01  Cybernetics Core  
  25  2:11  Gateway  
  25  2:18  Pylon  
  25  2:20  Zealot  
  27  2:26  Probe (Chrono Boost)  
  28  2:31  Warp Gate  
  29  2:38  Probe (Chrono Boost), Assimilator  
  29  2:45  Adept  
  29  2:50  Probe (Chrono Boost)  
  32  2:55  Probe (Chrono Boost)  
  32  2:57  Adept  
  35  3:05  Probe (Chrono Boost)  
  36  3:06  Pylon  
  36  3:10  Adept  
  38  3:22  Stalker  
  38  3:23  Probe (Chrono Boost)  
  38  3:25  Probe (Chrono Boost)  
  43  3:35  Probe (Chrono Boost)  
  43  3:36  Sentry  
  43  3:37  Probe (Chrono Boost)  
  43  3:39  Robotics Facility  
  46  3:46  Probe (Chrono Boost)  
  48  3:48  Probe (Chrono Boost)  
  48  3:50  Adept  
  50  3:56  Probe (Chrono Boost)  
  50  4:00  Probe (Chrono Boost)  
  50  4:01  Adept  
  52  4:08  Probe (Chrono Boost), Pylon  
  55  4:11  Probe (Chrono Boost)  
  56  4:19  Probe (Chrono Boost)  
  56  4:22  Probe (Chrono Boost)  
  58  4:24  Stalker  
  58  4:27  Immortal, Pylon  
  58  4:30  Probe (Chrono Boost)  
  65  4:33  Probe (Chrono Boost)  
  65  4:37  Stalker  
  68  4:42  Probe (Chrono Boost)  
  68  4:45  Probe (Chrono Boost)  
  70  4:46  Robotics Facility  
  70  4:58  Probe (Chrono Boost), Stalker  
  74  5:00  Probe (Chrono Boost)  
  74  5:03  Immortal  
  74  5:04  Pylon  
  74  5:06  Pylon  
  78  5:22  Stalker x2  
  78  5:23  Probe (Chrono Boost)  
  78  5:24  Probe (Chrono Boost), Assimilator  
  84  5:37  Twilight Council  
  84  5:42  Pylon  
  84  5:44  Gateway, Assimilator  
  84  5:47  Probe (Chrono Boost)  
  84  5:48  Probe (Chrono Boost)  
  86  5:58  Probe (Chrono Boost)  
  86  6:00  Zealot  
  86  6:03  Pylon  
  89  6:07  Probe (Chrono Boost)  
  89  6:09  Probe (Chrono Boost)  
  91  6:19  Templar Archives  
  91  6:23  Forge  
  91  6:25  Pylon  
  91  6:31  Forge  
  91  6:42  Zealot, Stalker, Gateway  
  95  6:47  Stalker  
  97  6:57  Protoss Ground Weapons Level 1  
  97  6:59  Photon Cannon  
  97  7:00  Nexus, Pylon  
  97  7:01  High Templar  
  99  7:04  Sentry  
  99  7:08  Stalker  
  103  7:16  Warp Prism  
  103  7:19  Photon Cannon  
  103  7:21  Photon Cannon  
  105  7:25  Sentry  
  105  7:27  Observer  
  105  7:29  High Templar  
  110  7:33  Stalker  
  110  7:35  Archon, Pylon  
  112  7:47  Warp Prism  
  112  7:48  High Templar  
  112  7:49  Photon Cannon  
  116  7:53  Photon Cannon  
  116  7:54  Photon Cannon  
  116  8:02  High Templar  
  116  8:04  Pylon  
  118  8:06  Stalker  
  118  8:08  Pylon  
  118  8:12  Stalker  
  124  8:13  Probe x2 (Chrono Boost)  
  124  8:14  Probe (Chrono Boost), Pylon  
  124  8:18  Archon  
  125  8:20  Assimilator  
  125  8:22  Pylon  
  125  8:25  Probe x2 (Chrono Boost)  
  125  8:26  Probe (Chrono Boost), High Templar, Assimilator  
  130  8:30  Pylon  
  130  8:36  Probe (Chrono Boost)  
  130  8:37  Probe x2 (Chrono Boost)  
  133  8:41  High Templar  
  133  8:45  Photon Cannon  
  133  8:48  Probe (Chrono Boost)  
  136  8:49  Probe (Chrono Boost)  
  136  8:50  Probe (Chrono Boost)  
  136  8:51  Psionic Storm  
  138  8:56  Protoss Ground Armor Level 1  
  138  8:59  Probe (Chrono Boost)  
  138  9:00  Probe (Chrono Boost)  
  141  9:03  Probe (Chrono Boost)  
  141  9:08  Immortal, Gateway  
  141  9:14  Immortal  
  149  9:17  Photon Cannon  
  149  9:18  Nexus  
  149  9:20  Zealot x2, Stalker  
  149  9:22  Zealot  
  91  9:39  High Templar, Zealot  
  91  9:41  Sentry, Zealot  
  97  9:58  Adept  
  97  9:59  Stalker  
  101  10:03  Zealot, Adept  
  101  10:05  Immortal  
  105  10:09  Zealot  
  105  10:13  Immortal  
  115  10:16  Stalker  
  115  10:21  Zealot  
  119  10:22  Stalker, Zealot  
  119  10:28  Adept  
  125  10:32  Probe (Chrono Boost)  
  125  10:33  Probe (Chrono Boost)  
  119  10:38  Zealot  
  119  10:40  Stalker  
  119  10:41  Immortal, Stalker  
  109  10:42  Assimilator  
  109  10:44  Adept  
  109  10:47  Zealot  
  107  10:53  Probe (Chrono Boost)  
  107  10:54  Immortal  
  97  10:58  Sentry  
  97  11:01  Stalker  
  97  11:02  Stalker, Zealot  
  109  11:06  Zealot  
  101  11:17  Assimilator  
  99  11:18  Immortal  
  99  11:19  Stalker  
  99  11:20  Zealot  
  99  11:23  High Templar, Stalker  
  99  11:25  Adept  
  103  11:33  Immortal  
  103  11:39  Adept  
  101  11:40  Sentry  
  101  11:43  Stalker  
  101  11:44  Stalker  
  105  11:51  Pylon  
  105  11:52  Sentry  
  103  11:54  Immortal  
  103  11:57  Stalker  
  107  12:01  Adept  
  107  12:02  Photon Cannon  
  107  12:05  Zealot, Adept  
  113  12:10  Observer  
  113  12:11  Protoss Ground Weapons Level 2  
  113  12:14  High Templar  
  116  12:19  Stalker, Adept  
  116  12:20  Archon  
  116  12:22  Gateway  
  120  12:24  Sentry, Stalker  
  120  12:25  Robotics Facility  
  124  12:30  Observer  
  124  12:35  Nexus  
  125  12:38  Zealot  
  125  12:40  Sentry  
  129  12:44  Stalker, Sentry  
  129  12:45  High Templar  
  129  12:47  Forge  
  135  12:51  Stargate  
  135  12:57  Zealot  
  137  13:01  High Templar  
  137  13:05  Zealot x2  
  141  13:09  Archon  
  143  13:15  High Templar, Zealot  
  143  13:16  High Templar  
  149  13:21  Robotics Bay  
  149  13:24  High Templar, Stalker  
  149  13:26  Archon, Gateway  
  153  13:32  Adept  
  153  13:33  High Templar  
  157  13:36  Immortal  
  161  13:42  Photon Cannon, Archon  
  161  13:44  Stalker  
  161  13:45  Zealot  
  161  13:47  High Templar  
  139  13:50  Zealot  
  139  13:53  Zealot  
  115  14:02  Zealot  
  95  14:03  Stalker  
  95  14:05  High Templar  
  95  14:06  Assimilator  
  95  14:08  Zealot  
  95  14:09  Assimilator  
  89  14:12  Adept  
  89  14:16  Zealot  
  93  14:20  High Templar  
  93  14:21  Adept  
  97  14:24  Stalker  
  97  14:27  Zealot  
  97  14:30  Probe (Chrono Boost), Zealot  
  102  14:34  Probe (Chrono Boost)  
  102  14:35  Probe (Chrono Boost), Stalker, Zealot  
  96  14:39  Zealot  
  96  14:45  Probe (Chrono Boost), Zealot  
  92  14:46  Probe (Chrono Boost), Zealot  
  92  14:47  Probe (Chrono Boost)  
  92  14:49  Stalker  
  92  14:50  Probe (Chrono Boost), Adept  
  100  14:54  Stalker  
  100  14:56  Probe (Chrono Boost)  
  100  14:57  Zealot  
  100  14:58  High Templar  
  107  15:04  Stalker  
  107  15:05  Zealot  
  98  15:09  Probe (Chrono Boost), Sentry  
  98  15:10  Zealot  
  80  15:15  High Templar  
  80  15:16  Stalker  
  80  15:18  Probe (Chrono Boost)  
  80  15:19  Probe (Chrono Boost)  
  83  15:24  Zealot  
  83  15:25  High Templar  
  83  15:27  Probe (Chrono Boost)  
  85  15:28  Zealot  
  85  15:29  Probe (Chrono Boost)  
  85  15:30  Sentry, Stalker  
  85  15:32  Probe (Chrono Boost)  
  89  15:41  Probe (Chrono Boost)  
  89  15:42  Probe (Chrono Boost)  
  74  15:43  Probe (Chrono Boost)  
  74  15:44  High Templar  
  74  15:46  Probe (Chrono Boost), Sentry  
  74  15:47  Adept  
  75  15:51  Adept  
  75  15:52  Probe (Chrono Boost)  
  75  15:54  Probe (Chrono Boost)  
  75  15:56  Stalker  
  75  15:57  Adept  
  75  16:01  Immortal  
  75  16:05  High Templar  
  75  16:07  Probe (Chrono Boost)  
  75  16:10  Probe (Chrono Boost), Zealot  
  76  16:13  Zealot  
  76  16:15  Stalker  
  56  16:28  Adept  
  56  16:31  Nexus  
  48  16:33  Zealot, Pylon  
  48  16:34  High Templar  
  48  16:36  High Templar  
  23  16:47  Sentry  
  23  16:51  High Templar  
  7  17:04  High Templar  
  7  17:06  High Templar  
Tags
 
Add a new tag
Caveats
  • Supply blocks, unpowered buildings, or Contaminate may cause inaccurate times.
  • Supply counts are checked every 10 seconds.